 Dungeon Crawl Stone Soup version 0.28.0-53-g5a82cb258f (webtiles) character file.

Game seed: 868159813547942420

2347 Zeld the Thaumaturge (level 9, -5/49 HPs)
             Began as a Gargoyle Conjurer on June 2, 2022.
             Slain by an orc warrior
             ... wielding a +2 trident of freezing
              (6 damage)
             ... on level 6 of the Dungeon.
             The game lasted 00:10:32 (10299 turns).

Zeld the Thaumaturge (Gargoyle Conjurer)           Turns: 10299, Time: 00:10:32

Health: -5/49      AC:  9    Str: 18    XL:     9   Next: 43%
Magic:  17/21      EV: 11    Int: 22    God:
Gold:   6          SH:  0    Dex:  8    Spells: 9/24 levels left

rFire   . . .      SeeInvis .   q - +1 war axe (freeze)
rCold   . . .      Faith    .   (no shield)
rNeg    + . .      Spirit   .   a - +0 robe
rPois   ∞          Reflect  .   (no helmet)
rElec   +          Harm     .   (no cloak)
rCorr   .          Rampage  .   (no gloves)
Will    .....                   o - +0 pair of boots
Stlth   ++........              (no amulet)
HPRegen 0.16/turn               i - +6 ring of strength
MPRegen 0.17/turn               (no ring)

@: very slightly contaminated
A: sickness immunity, AC +6, negative energy resistance 1, electricity
resistance, torment resistance 1, petrification resistance
a: no special abilities


You were on level 6 of the Dungeon.
You visited 2 branches of the dungeon, and saw 7 of its levels.
You also visited: Ossuary.

You collected 205 gold pieces.
You spent 199 gold pieces at shops.

Inventory:

Hand Weapons
 q - a +1 war axe of freezing (weapon)
Missiles
 c - 44 bolts
Armour
 a - a +0 robe (worn)
 o - a +0 pair of boots (worn)
Jewellery
 i - a +6 ring of strength (left hand)
Scrolls
 b - 3 scrolls of enchant weapon {unknown}
 d - 3 scrolls of immolation {unknown}
 e - 10 scrolls of identify
 f - 2 scrolls of noise {unknown}
 g - 6 scrolls of teleportation {unknown}
 l - a scroll of amnesia {unknown}
 m - a scroll of blinking {unknown}
 t - a scroll of fog {unknown}
 w - 2 scrolls of fear {unknown}
 y - a scroll of vulnerability {unknown}
 B - a scroll of torment {unknown}
 C - 2 scrolls of magic mapping
Potions
 h - 3 potions of lignification {unknown}
 j - a potion of invisibility {unknown}
 k - a potion of flight {unknown}
 n - 2 potions of heal wounds {unknown}
 p - 6 potions of berserk rage {unknown}
 r - 5 potions of curing {unknown}
 s - a potion of cancellation {unknown}
 u - a potion of haste {unknown}
 v - a potion of mutation {unknown}
 x - a potion of resistance {unknown}
 z - 3 potions of degeneration {unknown}
 A - a potion of attraction {unknown}


   Skills:
 + Level 2.7 Fighting
 - Level 1.5 Dodging
 - Level 4.0 Stealth
 * Level 8.4 Spellcasting
 - Level 8.0 Conjurations
 - Level 2.0 Hexes
 - Level 2.0 Translocations
 + Level 2.4 Poison Magic


You had 9 spell levels left.
You knew the following spells:

 Your Spells              Type           Power      Damage    Failure   Level
a - Magic Dart            Conj           100%       1d8       1%          1
b - Searing Ray           Conj           88%        2d7       1%          2
c - Fulminant Prism       Conj/Hex       15%        3d11      9%          4
d - Iskenderun's Mystic   Conj/Tloc      31%        2d8       9%          4
r - Olgreb's Toxic Radia  Pois           19%        N/A       26%         4

Your spell library contained the following spells:

 Spells                   Type           Power      Damage    Failure   Level
 Dazzling Flash           Conj/Hex       62%        N/A       2%          3
 Ozocubu's Refrigeration  Ice            4%         4d5       100%        7
 Ignition                 Fire           4%         3d4       100%        8


Dungeon Overview and Level Annotations

Branches:
Dungeon (6/15)             Temple (1/1) D:5         Ossuary (visited)

Altars:
Fedhas
Hepliaklqana
Kikubaaqudgha
Qazlal
Ru
Uskayaw
Vehumet
Xom
Yredelemnul
Zin

Shops:
D:5 *   D:6 ?


Innate Abilities, Weirdness & Mutations

You are immune to sickness and miasma.
Your stone body is resilient. (AC +6)
You are immune to poison.
You resist negative energy. (rN+)
You are resistant to electric shocks. (rElec)
You are resistant to unholy torment.
You are immune to petrification.


Message History

Unknown command.
HP restored.
Magic restored.
There is an entrance to Vuxes's Magic Scroll Boutique here.
e - 9 scrolls of identify (gained 1) Thank you for shopping at Vuxes's Magic Scroll Boutique!
e - 10 scrolls of identify (gained 1);
C - a scroll of magic mapping
C - 2 scrolls of magic mapping (gained 1) Thank you for shopping at Vuxes's Magic Scroll Boutique!
You can access your shopping list by pressing '$'.
An orc comes into view. It is wielding a +0 short sword.
An orc is nearby!
An orc is nearby!
An orc warrior and an orc priest come into view.
The orc warrior is wielding a +2 trident of freezing.
The helpless orc fails to defend itself.
You slash the orc! You freeze the orc.
You kill the orc!
The orc warrior shouts!
The orc priest shouts!
The orc warrior completely misses you.
You see here a +0 short sword.
The orc warrior barely misses you.
You slash the orc warrior! You freeze the orc warrior.
The orc warrior is heavily wounded.
The orc warrior hits you with a +2 trident of freezing!!
The orc warrior freezes you.
The orc priest calls upon Beogh to heal the orc warrior.
The orc warrior is healed somewhat.
The orc warrior hits you with a +2 trident of freezing!
The orc warrior freezes you.
* * * LOW HITPOINT WARNING * * *
Casting: Searing Ray (safe; 1% risk of failure)
Confirm with . or Enter, or press ? or * to list all spells.
You miscast Iskenderun's Mystic Blast.
You are very lightly contaminated with residual magic.
Nothing appears to happen.
The orc warrior hits you with a +2 trident of freezing!
* * * LOW HITPOINT WARNING * * *
The orc warrior freezes you.
You die...

#.###
.....
##.#.##
..#..
#.#.#
###.#.#
#.....#
#)#.#.#
#@#.#.#
#o#.#.#
#o#.#.#
#.#.#.#
#.#.#.#
#.#.#.#
#.# #.#
..# #.#
#∩#


You could see an orc warrior and an orc priest.

Vanquished Creatures
  Prince Ribbit (D:6)
  Pargi (D:4)
  An ogre (D:4)
  Blork the orc (D:4)
  11 scorpions
  A vampire bat (D:3)
  A jelly (D:5)
  2 bullfrog zombies (D:5)
  5 centaur zombies (Ossuary)
  3 hounds (D:5)
  2 human zombies (Ossuary)
  3 orc priests
  A bullfrog skeleton (D:4)
  Jessica (D:2)
  An iguana (D:5)
  5 scorpion zombies (Ossuary)
  Terence (D:2)
  5 orc wizards
  3 mummies (Ossuary)
  A howler monkey zombie (D:5)
  3 gnolls (D:4)
  11 adders
  A shadow imp (D:5)
  An ufetubus (D:5)
  3 worms
  2 dart slugs (D:4)
  3 fire bats (D:3)
  13 orcs
  2 spectral bats (D:3)
  9 bats (D:3)
  3 bat skeletons (D:3)
  A bat zombie (D:3)
  6 endoplasms
  4 giant cockroaches
  2 goblins (D:2)
  4 hobgoblins (D:2)
  4 jackals (D:4)
  2 quokkas
  3 ball pythons
  A bat simulacrum (D:3)
  A frilled lizard (D:3)
  2 gnoll zombies (Ossuary)
  2 goblin zombies (Ossuary)
  3 hobgoblin zombies (Ossuary)
  3 kobolds
  A kobold zombie (Ossuary)
  5 orc zombies (Ossuary)
  A quokka zombie (D:4)
  2 rats
  A rat zombie (D:4)
149 creatures vanquished.

Vanquished Creatures (others)
  34 plants (D:2)
34 creatures vanquished.

Grand Total: 183 creatures vanquished

Notes
Turn   | Place    | Note
-------+----------+-------------------------------------------
     0 | D:1      | Zeld the Gargoyle Conjurer began the quest for the Orb.
     0 | D:1      | Reached XP level 1. HP: 10/10 MP: 3/3
    95 | D:1      | Found a faded altar of an unknown god.
   819 | D:2      | Noticed Terence
   831 | D:2      | Noticed Jessica
  1145 | D:1      | Found a faded altar of an unknown god.
  1521 | D:2      | Reached XP level 2. HP: 15/15 MP: 0/5
  1529 | D:2      | Learned a level 2 spell: Searing Ray
  1674 | D:2      | Killed Jessica
  1675 | D:2      | Reached skill level 1 in Hexes
  1675 | D:2      | Reached skill level 1 in Translocations
  1675 | D:2      | Reached XP level 3. HP: 19/19 MP: 3/6
  2469 | D:2      | Reached XP level 4. HP: 10/24 MP: 2/8
  2824 | D:2      | Killed Terence
  2825 | D:2      | Reached XP level 5. HP: 13/28 MP: 1/9
  3377 | D:3      | Reached skill level 5 in Conjurations
  3601 | D:3      | Reached XP level 6. HP: 32/32 MP: 0/11
  3606 | D:3      | Learned a level 4 spell: Fulminant Prism
  3611 | D:3      | Learned a level 4 spell: Iskenderun's Mystic Blast
  4891 | D:4      | Found a sand-covered staircase.
  4899 | Ossuary  | Entered an ossuary
  4920 | Ossuary  | HP: 1/32 [centaur zombie (1)]
  5241 | Ossuary  | Reached XP level 7. HP: 33/36 MP: 1/13
  6058 | Ossuary  | Reached skill level 5 in Spellcasting
  6666 | Ossuary  | Reached XP level 8. HP: 39/41 MP: 7/16
  7578 | D:4      | Noticed Blork the orc
  7594 | D:4      | Killed Blork the orc
  7708 | D:4      | Noticed Pargi
  7957 | D:4      | Learned a level 4 spell: Olgreb's Toxic Radiance
  8057 | D:4      | Killed Pargi
  8058 | D:4      | Reached XP level 9. HP: 32/46 MP: 8/20
  8444 | D:5      | Entered Level 5 of the Dungeon
  8454 | D:5      | Reached skill level 1 in Fighting
  8527 | D:5      | Reached skill level 1 in Poison Magic
  8552 | D:5      | Found Qaqull's Assorted Antiques.
  8579 | D:5      | Bought a scroll labelled SEFICK RERAT for 31 gold pieces
  8579 | D:5      | Bought a pink potion for 27 gold pieces
  8579 | D:5      | Bought a scroll labelled DUOTRONICI for 31 gold pieces
  9489 | D:5      | Found a staircase to the Ecumenical Temple.
  9572 | Temple   | Entered the Ecumenical Temple
 10221 | D:6      | Noticed Prince Ribbit
 10223 | D:6      | Found Vuxes's Magic Scroll Boutique.
 10230 | D:6      | Killed Prince Ribbit
 10281 | D:6      | Bought a scroll of identify for 20 gold pieces
 10281 | D:6      | Bought a scroll of identify for 20 gold pieces
 10281 | D:6      | Bought a scroll of magic mapping for 35 gold pieces
 10281 | D:6      | Bought a scroll of magic mapping for 35 gold pieces
 10299 | D:6      | HP: 1/49 [orc warrior/+2 trident of freezing (12)]
 10299 | D:6      | Slain by an orc warrior

Illustrated notes

Levels and vault maps discovered:
D:1:      dpeg_arrival_boxorama, layout_basic, shapermc_ecumenical_altar_gd,
          minmay_crystal_room
D:2:      layout_basic, serial_bayou_lagoon_b, uniq_terence, uniq_jessica
D:3:      layout_rooms, minmay_misc_feat_ornament, goddamned_bats
D:4:      layout_loops_cross, enter_ossuary_4, uniq_pargi, uniq_blork_the_orc
D:5:      layout_basic, minmay_temple_entry_waves, serial_shops,
          nicolae_shop_advertising_works [nicolae_subvault_shop_adworks],
          serial_bayou_pond_d
D:6:      layout_basic, nicolae_overflows_in_rows, serial_shops, shop,
          kennysheep_pointless_box, nrook_uturn, uniq_prince_ribbit1,
          uniq_pikel, uniq_crazy_yiuf_cottage, uniq_menkaure
Temple:   eino_temple_lava

Skill      XL: |  1  2  3  4  5  6  7  8  9 |
---------------+----------------------------+-----
Hexes          | 1 2 |  2.0
Translocations | 1 2 |  2.0
Spellcasting   | 3 4 5 7 8 |  8.4
Conjurations   | 5 6 7 8 |  8.0
Stealth        | 3 4 |  4.0
Fighting       | 2 |  2.7
Poison Magic   | 2 |  2.4
Dodging        | |  1.5

Action                   |  1- 3 |  4- 6 |  7- 9 || total
-------------------------+-------+-------+-------++-------
Melee: Unarmed           |     4 |    27 |       ||    31
       Punch             |     1 |       |     2 ||     3
       War axe           |       |    10 |   154 ||   164
 Cast: Magic Dart        |    21 |    10 |     1 ||    32
       Searing Ray       |    10 |    41 |    18 ||    69
       Iskenderun's Myst |       |     5 |    34 ||    39
 Stab: Sleeping          |       |     1 |     5 ||     6
       Distracted        |       |       |     1 ||     1
Armor: Robe              |     7 |   122 |   123 ||   252
Dodge: Dodged            |    16 |   139 |   179 ||   334
